 Dungeon Crawl Stone Soup version 0.31-a0-675-g238779eb0a (webtiles) character file.

Game seed: 16090473488322128476

28 ragingrage the Chopper (level 3, -8/26 (30) HPs)
             Began as a Hill Orc Reaver on Sept 5, 2023.
             Mangled by Terence
             ... wielding a +0 flail
              (13 damage)
             ... on level 2 of the Dungeon.
             The game lasted 00:01:17 (863 turns).

ragingrage the Chopper (Hill Orc Reaver)             Turns: 863, Time: 00:01:17

HP:   -8/26 (30)    AC:  3    Str: 16    XL:     3   Next: 12%
MP:   5/5           EV: 11    Int: 13    God:
Gold: 100           SH:  0    Dex:  9    Spells: 4/5 levels left

rFire   + . .        d - +2 whip (elec)
rCold   . . .        (no shield)
rNeg    . . .        b - +0 leather armour
rPois   .            (no helmet)
rElec   .            (no cloak)
rCorr   .            (no gloves)
SInv    .            (no boots)
Will    .....        (no amulet)
Stlth   +            f - ring of protection from fire
HPRegen 0.24/turn    (no ring)
MPRegen 0.09/turn

%: no passive effects
@: about to teleport, heavily drained
A: no striking features
a: no special abilities


You were on level 2 of the Dungeon.
You visited 1 branch of the dungeon, and saw 2 of its levels.

You collected 100 gold pieces.

Inventory:

Hand Weapons
 a - a +0 hand axe
 d - a +2 whip of electrocution (weapon)
Armour
 b - a +0 leather armour (worn)
Jewellery
 f - a ring of protection from fire (left hand)
Scrolls
 e - a scroll of blinking {unknown}


   Skills:
 - Level 2.4 Fighting
 - Level 5.1(5.2) Axes
 + Level 0.7(2.7) Maces & Flails
 - Level 1.5 Dodging
 - Level 1.5 Spellcasting
 - Level 3.0 Conjurations
 - Level 1.0 Necromancy


You had 4 spell levels left.
You knew the following spells:

 Your Spells              Type           Power      Damage    Failure   Level
a - Kiss of Death         Conj/Necr      24%        2d7       14%         1

Your spell library contained the following spells:

 Spells                   Type           Power      Damage    Failure   Level
 Momentum Strike          Conj/Tloc      8%         3d8       26%         2
 Hailstorm                Conj/Ice       4%         3d4       47%         3


Dungeon Overview and Level Annotations

Branches:
Dungeon (2/15)

Altars:
Hepliaklqana

Annotations:
D:2 Terence


Message History

You kill the kobold!
No target in view!
Things that are here:
a +2 short sword of flaming; 5 stones; a +0 chain mail No target in view!
No target in view!
No target in view!
You now have 71 gold pieces (gained 11).
You see here a staff of conjuration.
f - a ring of protection from fire You now have 85 gold pieces (gained 14).
Found a stone staircase leading down.
You see here a +0 ring mail.
f - a ring of protection from fire (left hand)
You now have 100 gold pieces (gained 15).
Terence the Incautious comes into view.
He is wielding a +0 flail and carrying a wand of flame.
You barely miss Terence. Terence hits you with a +0 flail.
You barely miss Terence. Terence hits you with a +0 flail.
You are too injured to fight recklessly!
You are too injured to fight recklessly!
You are too injured to fight recklessly!
You hit Terence. Terence barely misses you.
You completely miss Terence. Terence closely misses you.
You barely miss Terence. Terence barely misses you.
You completely miss Terence. Terence closely misses you.
Unknown command.
Unknown command.
You hit Terence. Terence hits you with a +0 flail.
You hit Terence but do no damage. Terence barely misses you.
You hit Terence. Terence hits you with a +0 flail.
As you read the scroll labelled TIS FAPOOGUJEG, it crumbles to dust.
You feel strangely unstable.
It was a scroll of teleportation.
A goblin comes into view. It is wielding a +0 dagger.
Terence hits you with a +0 flail!
* * * LOW HITPOINT WARNING * * *
The goblin shouts!
You hit Terence. Terence hits you with a +0 flail!
Ouch! That really hurt!
You die...

.. g. .###.#######
..........#
#.........#
#......[..# #..
.... #@##.#
#.@..## ####..# .
#####..#####..
#####.............
..............##..
.........[..###
.###.###....# #.
#..#.# #.####.
#..#.#


You could see Terence and a goblin.

Vanquished Creatures
  A worm (D:2)
  A dart slug (D:1)
  2 bats (D:1)
  An endoplasm (D:1)
  3 giant cockroaches (D:1)
  A goblin (D:1)
  A hobgoblin (D:1)
  5 kobolds
  2 quokkas (D:1)
  A ball python (D:1)
  A frilled lizard (D:1)
  A rat (D:1)
20 creatures vanquished.

Notes
Turn   | Place    | Note
-------+----------+-------------------------------------------
     0 | D:1      | ragingrage the Hill Orc Reaver began the quest for the Orb.
     0 | D:1      | Reached XP level 1. HP: 18/18 MP: 3/3
   265 | D:1      | Reached skill level 1 in Necromancy
   265 | D:1      | Reached XP level 2. HP: 25/25 MP: 4/4
   569 | D:1      | Found a faded altar of an unknown god.
   650 | D:1      | Reached skill level 5 in Axes
   742 | D:2      | Reached XP level 3. HP: 14/26 MP: 5/5
   797 | D:2      | Found a hazy altar of Hepliaklqana.
   852 | D:2      | Noticed Terence
   863 | D:2      | Mangled by Terence

Illustrated notes

Levels and vault maps discovered:
D:1:      spicycebolla_arrival_xxxplode, layout_basic,
          chequers_ecumenical_altar_grove, minmay_misc_feat_ornament,
          minivault_24, minmay_misc_feat_four_crosses
D:2:      layout_rooms, serial_shops, shop_fountains, basic_altar,
          minmay_pentomino_z4, uniq_terence

Skill      XL: |  1  2 |
---------------+-------+-----
Necromancy     | 1 |  1.0
Axes           | 5 |  5.1
Fighting       | |  2.4
Maces & Flails | |  0.7
Dodging        | |  1.5
Spellcasting   | |  1.5
Conjurations   | |  3.0

Action                     || total
---------------------------++-------
  Melee: Hand axe          ||    82
         Whip              ||    17
   Cast: Kiss of Death     ||     1
    Use: Potion            ||     1
         Scroll            ||     1
 Armour: Leather armour    ||    59
  Dodge: Dodged            ||    61

Table legend: (Time is in decaauts)
 A = Elapsed time spent in this place.
 B = Non-inter-level travel time spent in this place.
 C = Inter-level travel time spent in this place.
 D = Time resting spent in this place.
 E = Time spent auto-exploring this place.
 F = Levels seen in this place.
 G = Mean time per level.
                   A        B        C        D        E       F      G
               +--------+--------+--------+--------+--------+-----+--------+
         Total |    867 |    862 |      5 |     97 |    568 |   2 |  433.5 |
       Dungeon |    867 |    862 |      5 |     97 |    568 |   2 |  433.5 |
               +--------+--------+--------+--------+--------+-----+--------+

Top non-repeatable levels by time:
     D:1: 720 daAuts
     D:2: 147 daAuts
